 Dungeon Crawl Stone Soup version 0.30-a0-1050-g2766ea1e55 (webtiles) character file.

Game seed: 3598624081149156185

149626 Lavandula the Sensei (level 17, -3/131 HPs)
             Began as a Merfolk Transmuter on Apr 10, 2023.
             Was an Elder of Okawaru.
             Slain by Agnes
             ... wielding a +2 vampiric lajatang
              (29 damage)
             ... on level 1 of the Spider Nest.
             The game lasted 01:31:31 (28621 turns).

Lavandula the Sensei (Merfolk Transmuter)          Turns: 28621, Time: 01:31:32

Health: -3/131     AC:  6    Str: 14    XL:     17   Next: 51%
Magic:  26/30      EV: 34    Int: 17    God:    Okawaru [****..]
Gold:   900        SH:  0    Dex: 23    Spells: 5/34 levels left

rFire   . . .      SeeInvis .      - Unarmed
rCold   . . .      Faith    .    (shield currently unavailable)
rNeg    . . .      Spirit   .    f - melded +3 troll leather armour
rPois   x          Reflect  .    h - melded +0 helmet
rElec   +          Rampage  .    t - melded scarf {shadows}
rCorr   +                        b - melded +1 pair of gloves
Will    ++...                    (boots currently unavailable)
Stlth   +++                      a - amulet "Dofuid" {rElec Regen+ Str+2 Int-3 Dex+3}
HPRegen 1.21/turn                M - ring of Vuecaroa {+Blink Will+ AC+4}
MPRegen 0.22/turn                n - ring "Caxkai" {rCorr Str-2 Int+4 Slay+5}

@: about to teleport, spider-form, invisible
A: venomous fangs, tiny, (nimble swimmer 2), (mertail)
a: End Transformation, Renounce Religion, Evoke Blink, Heroism, Finesse


You were on level 1 of the Spider Nest.
You worshipped Okawaru.
Okawaru was greatly pleased with you.
You were a venomous arachnid creature.
You visited 6 branches of the dungeon, and saw 27 of its levels.
You also visited: Volcano.

You collected 3517 gold pieces.
You spent 2617 gold pieces at shops.

Inventory:

Missiles
 e - 6 throwing nets
 v - 4 javelins
Armour
 b - a +1 pair of gloves (melded)
 f - a +3 troll leather armour (melded)
 h - a +0 helmet (melded)
 s - the +4 pair of boots "Luwapal" {rElec}
   (Okawaru gifted it to you on level 1 of the Shoals)

   rElec:     It insulates you from electricity.
 t - a scarf of shadows (melded)
 y - +2 swamp dragon scales
Jewellery
 a - the amulet "Dofuid" (around neck) {rElec Regen+ Str+2 Int-3 Dex+3}
   (You acquired it on level 5 of the Dungeon)

   [amulet of regeneration]

   Str:       It affects your strength (+2).
   Int:       It affects your intelligence (-3).
   Dex:       It affects your dexterity (+3).
   rElec:     It insulates you from electricity.
   Regen:     It increases your rate of health regeneration.
 g - a ring of protection from cold
 n - the ring "Caxkai" (right front pincers) {rCorr Str-2 Int+4 Slay+5}
   (You found it on level 7 of the Dungeon)

   [ring of resist corrosion]

   Str:       It affects your strength (-2).
   Int:       It affects your intelligence (+4).
   Slay:      It affects your accuracy & damage with ranged weapons and melee
   (+5).
   rCorr:     It protects you from acid and corrosion.
 D - a ring of poison resistance
 K - a ring of protection from fire
 M - the ring of Vuecaroa (left front pincers) {+Blink Will+ AC+4}
   (You bought it in a shop on level 2 of the Orcish Mines)

   [ring of protection]

   AC:        It affects your AC (+4).
   +Blink:    It lets you blink.
   Will:      It increases your willpower.
Scrolls
 c - 6 scrolls of poison
 i - 10 scrolls of teleportation
 m - 11 scrolls of amnesia
 E - 3 scrolls of vulnerability
 H - 2 scrolls of identify
 J - 2 scrolls of summoning
 L - 2 scrolls of immolation
Potions
 d - 2 potions of attraction
 j - 4 potions of curing
 k - 6 potions of ambrosia
 q - 4 potions of cancellation
 r - 4 potions of brilliance
 u - 6 potions of flight
 w - 4 potions of haste
 x - 3 potions of resistance
 z - 4 potions of might
 A - 9 potions of lignification
 F - 2 potions of mutation
 G - 5 potions of magic


   Skills:
 - Level 11.1 Fighting
 - Level 2.4 Armour
 - Level 12.7 Dodging
 - Level 5.0 Stealth
 - Level 21.2 Unarmed Combat
 - Level 9.0 Spellcasting
 - Level 3.7 Translocations
 - Level 10.7 Transmutations
 - Level 2.0 Ice Magic
 + Level 6.0 Air Magic
 - Level 2.0 Poison Magic
 - Level 13.8 Invocations


You had 5 spell levels left.
You knew the following spells:

 Your Spells              Type           Power      Damage    Failure   Level
a - Beastly Appendage     Tmut           88%        N/A       1%          1
b - Wereblood             Tmut           44%        N/A       2%          2
c - Spider Form           Tmut/Pois      29%        N/A       8%          3
d - Ice Form              Ice/Tmut       29%        N/A       19%         4
e - Blink                 Tloc           40%        N/A       11%         2
f - Airstrike             Air            14%        2d(2-18)  21%         4
g - Swiftness             Air            28%        N/A       9%          3
h - Ignite Poison         Fire/Tmut/Pois 22%        N/A       14%         3
i - Storm Form            Tmut/Air       18%        N/A       99%         7

Your spell library contained the following spells:

 Spells                   Type           Power      Damage    Failure   Level
 Shock                    Conj/Air       68%        1d7       10%         1
 Poisonous Vapours        Pois/Air       42%        N/A       10%         2
 Lesser Beckoning         Tloc           40%        N/A       11%         2
 Cigotuvi's Dreadful Rot  Necr/Pois/Air  32%        N/A       14%         2
 Momentum Strike          Conj/Tloc      26%        3d8       19%         2
 Ensorcelled Hibernation  Hex/Ice        22%        N/A       24%         2
 Ozocubu's Armour         Ice            14%        N/A       28%         3
 Hailstorm                Conj/Ice       11%        3d5       38%         3
 Manifold Assault         Tloc           20%        N/A       41%         4
 Inner Flame              Hex/Fire       7%         N/A       50%         3
 Anguish                  Hex/Necr       3%         N/A       85%         4
 Flame Wave               Conj/Fire      7%         2d5       85%         4
 Sticky Flame             Conj/Fire      7%         2d3       85%         4
 Metabolic Englaciation   Hex/Ice        5%         N/A       95%         5
 Borgnjor's Vile Clutch   Necr/Erth      3%         N/A       99%         5
 Animate Dead             Necr           Unusable   N/A       N/A         4
 Death Channel            Necr           Unusable   N/A       N/A         6
 Simulacrum               Ice/Necr       Unusable   N/A       N/A         6

Dungeon Overview and Level Annotations

Branches:
Dungeon (15/15)            Temple (1/1) D:4            Lair (5/5) D:10
 Shoals (3/4) Lair:3       Spider (1/4) Lair:2        Slime (0/5) Lair:4
    Orc (2/2) D:9             Elf (0/3) Orc:2        Vaults (0/5) D:14
 Depths (0/4) D:15        Volcano (visited)

Altars:
Ashenzari
Cheibriados
Elyvilon
Fedhas
Gozag
Hepliaklqana
Kikubaaqudgha
Makhleb
Nemelex Xobeh
Okawaru
Qazlal
Ru
Sif Muna
Trog
Uskayaw
Vehumet
Xom
Yredelemnul
The Shining One
Jiyva

Shops:
D:4 [   D:5 ***   D:8 *   D:9 ?   D:13 *   Orc:2 [*=(   Shoals:1 :   Shoals:2 *

Portals:
Trove: D:15 (give 2 scrolls of acquirement)

Annotations:
D:12 exclusion: orange crystal statue
D:13 Rupert
Lair:4 exclusion: 3 oklob plants
Shoals:3 Ilsuiw
Spider:1 Agnes
Orc:2 3 runed translucent doors, anet's ghost, journeyman MiBe; libidonplus's ghost, journeyman NaMo; svtm's ghost, journeyman MiFi; zibby's ghost, journeyman TrGl


Innate Abilities, Weirdness & Mutations

You are a venomous arachnid creature.
You have venomous fangs.
You are tiny and dextrous.
Your spellcasting is less reliable in this form.
Your armour is entirely melded.
You are incapable of wielding weapons or throwing items.
((You are very nimble when in or above water. (Stealth+, EV+, Speed+++)))
((Your lower body shifts to a powerful aquatic tail in water.))


Message History

Unknown command.
Unknown command.
Casting: Airstrike (dangerous; 10% risk of failure)
Confirm with . or Enter, or press ? or * to list all spells.
You turn into a venomous arachnid creature.
Your scarf of shadows melds into your body.
Your +0 helmet melds into your body.
Your +1 pair of gloves melds into your body.
Your +3 troll leather armour melds into your body.
The dungeon's light returns to normal.
Something barely misses you. Something completely misses you.
You barely miss something. Something hits you!!
* * * LOW HITPOINT WARNING * * *
You feel much better. Something closely misses you. x2
You bite something! Something hits you!
* * * LOW HITPOINT WARNING * * *
Okay, then.
Okay, then.
You feel better. Something completely misses you. Something closely misses you.
Something hits you!
* * * LOW HITPOINT WARNING * * *
Something completely misses you.
You can no longer enter into single combat with a foe.
Okawaru will no longer gift you equipment.
Unknown command.
Something barely misses you. Something completely misses you.
Something completely misses you.
You can't do that in your present form.
Unknown command.
You feel better. Something hits you!
* * * LOW HITPOINT WARNING * * *
Something misses you.
You feel better. Something barely misses you. Something misses you.
You can't do that in your present form.
Unknown command.
Okay, then.
As you read the scroll of teleportation, it crumbles to dust.
You feel strangely unstable. Something hits you!!
You die...

###..#..## #..
.^...#..# ..#
...#.#..####..#
#######..#...#
.##...#..#..####
.#......##.....##
.#..#.<.####.^..#
##..#####.####..##
#..####.....###{s##
##..#.......####..#
#..##...###..#...##
#...##...#..##..##
##.†...#.#..#..##
####(.####..##.^###
...#### #...##...#
....######..###...##
..###.##.#..# ###..#


There were no monsters in sight!

Vanquished Creatures
  A tengu reaver (D:12)
  A very ugly thing (D:15)
  A stone giant (Volcano)
  Nessos (Lair:5)
  Azrael (D:13)
  A fire dragon (Lair:5)
  4 merfolk impalers
  An ettin (D:12)
  A great orb of eyes (D:15)
  An entropy weaver (Spider:1)
  Harold (D:10)
  2 vault guards (D:14)
  A catoblepas (D:14)
  3 rakshasas
  4 ogre magi (Orc:2)
  6 hydras
  10 centaur warriors
  3 merfolk aquamancers (Shoals:2)
  8 boulder beetles
  19 two-headed ogres
  A satyr (Shoals:3)
  9 death yaks
  A tengu warrior (D:15)
  2 orc high priests
  A shock serpent (shapeshifter) (D:15)
  A skyshark (shapeshifter) (D:14)
  Nergalle (Lair:2)
  Lodul (Arena)
  4 skeletal warriors (D:12)
  5 skysharks
  A deep elf archer (D:12)
  7 sea snakes
  Pikel (D:5)
  A lindwurm (Lair:5)
  A steelbarb worm (Spider:1)
  An orb spider (Spider:1)
  A wizard (D:14)
  5 harpies (Shoals:1)
  2 necromancers (D:14)
  3 deep elf pyromancers
  2 orc sorcerers
  3 orc knights
  11 ugly things
  4 cyclopes
  2 wolf spiders (Spider:1)
  18 fauns
  5 manticores
  5 black mambas
  7 merfolk sirens
  A molten gargoyle (Volcano)
  A demonic crawler (Spider:1)
  2 water nymphs (Shoals:1)
  6 torpor snails (Lair:5)
  8 cane toads
  6 rime drakes
  2 gargoyles
  An unseen horror (D:12)
  2 efreet
  9 komodo dragons
  A yaktaur (D:12)
  Maggie (D:8)
  2 tengu conjurers (D:15)
  2 freezing wraiths
  A burning bush (Lair:5)
  6 trolls
  3 meliai (D:12)
  4 tyrant leeches (Lair:5)
  15 merfolk
  2 queen bees
  A wind drake (Shoals:2)
  3 tarantellas (Spider:1)
  A meliai (shapeshifter) (D:14)
  7 hornets (Lair:5)
  A polar bear (shapeshifter) (D:13)
  Prince Ribbit (D:8)
  15 blink frogs
  4 snapping turtles
  13 dream sheep
  10 slime creatures
  6 jumping spiders (Spider:1)
  A slime creature (shapeshifter) (D:15)
  5 wyverns
  2 culicivoras (Spider:1)
  4 wraiths
  11 water elementals (Shoals:2)
  Eustachio (D:5)
  4 shadows
  18 humans (D:14)
  2 fire bats (Volcano)
  3 basilisks
  47 yaks
  6 redbacks (Spider:1)
  4 vampire mosquitoes
  4 fire elementals
  A warg (Orc:1)
  13 water moccasins
  Edmund (D:6)
  2 swamp worms (Lair:1)
  2 acid dragons (D:12)
  3 hell hounds (D:13)
  14 orc warriors
  A black bear (Lair:1)
  7 ice beasts (D:10)
  16 wolves
  2 sky beasts
  37 ogres
  11 centaurs
  2 kobold brigands
  A lemure (D:5)
  4 gnoll sergeants
  9 bullfrogs
  2 scorpions
  3 earth elementals (Volcano)
  8 wights (D:9)
  53 killer bees
  2 electric eels
  4 howler monkeys
  3 lava snakes (Volcano)
  A hound (D:7)
  A jelly (D:4)
  20 orc priests
  3 iguanas
  20 orc wizards
  Ijyb (D:3)
  6 hell rats (Lair:1)
  Robin (D:3)
  27 gnolls
  6 adders
  5 white imps
  An ufetubus (D:6)
  2 dart slugs
  73 orcs
  2 endoplasms
  A giant cockroach (D:2)
  5 hobgoblins
  3 jackals (D:2)
  11 kobolds
  6 quokkas
  7 ball pythons
  A bat (D:1)
  18 goblins
  3 rats
850 creatures vanquished.

Vanquished Creatures (others)
  A howler monkey (D:11)
  2 orcs (Orc:1)
  19 fungi
  84 plants
  2 withered plants (Orc:2)
108 creatures vanquished.

Grand Total: 958 creatures vanquished

Notes
Turn   | Place    | Note
-------+----------+-------------------------------------------
     0 | D:1      | Lavandula the Merfolk Transmuter began the quest for the
                  | Orb.
     0 | D:1      | Reached XP level 1. HP: 15/15 MP: 3/3
   297 | D:1      | Reached XP level 2. HP: 12/21 MP: 3/5
   562 | D:1      | Reached skill level 4 in Unarmed Combat
   565 | D:1      | Learned a level 2 spell: Wereblood
   760 | D:1      | Found a faded altar of an unknown god.
  1373 | D:2      | Reached XP level 3. HP: 14/26 MP: 4/6
  1389 | D:2      | Learned a level 3 spell: Spider Form
  1599 | D:2      | Identified the +2 leather armour "Cietidits" {rN+ rCorr
                  | Dex-2}
  1800 | D:2      | Reached skill level 5 in Unarmed Combat
  1829 | D:2      | HP: 1/58 [gnoll/+0 heavy spear (2)]
  1830 | D:2      | Reached XP level 4. HP: 2/32 MP: 3/7
  2484 | D:3      | Noticed Ijyb
  2499 | D:3      | Killed Ijyb
  2502 | D:3      | Reached skill level 6 in Unarmed Combat
  2670 | D:3      | Found a sparkling altar of Nemelex Xobeh.
  2670 | D:3      | Found an opulent altar of Gozag.
  2670 | D:3      | Found a hide-covered altar of Uskayaw.
  2670 | D:3      | Found a glowing golden altar of the Shining One.
  2678 | D:3      | Reached XP level 5. HP: 35/37 MP: 3/8
  2747 | D:3      | Found a shimmering altar of Xom.
  2747 | D:3      | Found a blossoming altar of Fedhas.
  2915 | D:3      | Noticed Robin
  2925 | D:3      | Reached skill level 1 in Poison Magic
  2941 | D:3      | Killed Robin
  3376 | D:4      | Reached XP level 6. HP: 40/43 MP: 7/9
  3450 | D:4      | Reached skill level 5 in Transmutations
  3610 | D:4      | Found a staircase to the Ecumenical Temple.
  3728 | Temple   | Entered the Ecumenical Temple
  3775 | Temple   | Became a worshipper of Warmaster Okawaru
  3924 | D:4      | Found Yahweh's Dragon-Slaying Spoils.
  4225 | D:5      | Entered Level 5 of the Dungeon
  4432 | D:5      | Reached XP level 7. HP: 46/48 MP: 7/10
  4535 | D:5      | Noticed Eustachio
  4560 | D:5      | Learned a level 4 spell: Ice Form
  4644 | D:5      | Killed Eustachio
  4761 | D:5      | Found Weam's General Store.
  4794 | D:5      | Found Amufrep's General Store.
  4824 | D:5      | Found Ytyaph's Specific Store.
  4832 | D:5      | Bought 2 potions of heal wounds for 140 gold pieces
  4888 | D:5      | Noticed Pikel
  4909 | D:5      | Reached * piety under Okawaru
  4914 | D:5      | Killed Pikel
  4914 | D:5      | Reached ** piety under Okawaru
  4915 | D:5      | Reached skill level 10 in Transmutations
  4915 | D:5      | Reached XP level 8. HP: 54/54 MP: 10/12
  5311 | D:6      | Reached skill level 7 in Unarmed Combat
  5398 | D:6      | Noticed Edmund
  5423 | D:6      | Killed Edmund
  5589 | D:6      | Reached *** piety under Okawaru
  5712 | D:6      | Reached skill level 8 in Unarmed Combat
  5712 | D:6      | Reached XP level 9. HP: 58/59 MP: 6/13
  6120 | D:7      | Reached skill level 9 in Unarmed Combat
  6552 | D:7      | Reached skill level 10 in Unarmed Combat
  6650 | D:7      | Identified the ring "Caxkai" {rCorr Str-2 Int+4 Slay+5}
  6763 | D:7      | Reached **** piety under Okawaru
  6860 | D:7      | Learned a level 2 spell: Blink
  7106 | D:8      | Found Meic's Serpentskin Sales.
  7335 | D:8      | Noticed Maggie
  7358 | D:8      | Killed Maggie
  7359 | D:8      | Reached skill level 5 in Dodging
  7537 | D:8      | Reached skill level 11 in Unarmed Combat
  7597 | D:8      | Identified the +10 dire flail "Spiderslayer" {spect, *Slow
                  | Str+3 Int+4}
  7598 | D:8      | Found a white marble altar of Elyvilon.
  7705 | D:8      | Noticed Prince Ribbit
  7709 | D:8      | Killed Prince Ribbit
  7710 | D:8      | Reached XP level 10. HP: 67/67 MP: 9/14
  7967 | D:8      | Identified the +1 long sword "Hiocid Sugo" {vamp, rElec
                  | Int+3 Dex-2}
  8129 | D:8      | Found a stormy altar of Qazlal.
  8132 | D:8      | Reached skill level 12 in Unarmed Combat
  8678 | D:9      | Found a staircase to the Orcish Mines.
  8893 | D:9      | Reached ***** piety under Okawaru
  9140 | D:9      | Reached skill level 13 in Unarmed Combat
  9391 | D:9      | Found Fuxkih's Magic Scroll Shoppe.
  9399 | D:9      | Bought a scroll of fear for 64 gold pieces
  9399 | D:9      | Bought a scroll of poison for 64 gold pieces
  9722 | Orc:1    | Entered Level 1 of the Orcish Mines
  9767 | Orc:1    | Found a bloodstained altar of Trog.
  9779 | Orc:1    | Noticed a two-headed ogre
  9785 | Orc:1    | Killed a two-headed ogre
  9786 | Orc:1    | Reached XP level 11. HP: 70/76 MP: 10/15
  9967 | Orc:1    | Noticed an orc knight
  9967 | Orc:1    | Noticed an orc sorcerer
  9967 | Orc:1    | Noticed an orc sorcerer
  9972 | Orc:1    | Killed an orc sorcerer
  9973 | Orc:1    | Reached skill level 14 in Unarmed Combat
  9979 | Orc:1    | Killed an orc knight
  9979 | Orc:1    | Noticed an orc high priest
  9984 | Orc:1    | HP: 4/86 [orc sorcerer/bolt of negative energy (38)]
 10157 | Orc:1    | Noticed a soul eater
 10159 | D:9      | Killed an orc sorcerer
 10202 | Orc:1    | Noticed a sun demon
 10208 | D:9      | Killed an orc high priest
 10208 | D:9      | Received a gift from Okawaru
 10407 | Orc:1    | Noticed an orc high priest
 10412 | Orc:1    | Reached skill level 5 in Invocations
 10417 | Orc:1    | Killed an orc high priest
 10423 | Orc:1    | Identified the +9 plate armour of Privacy {Fly Will+ Dex-2}
                  | (Okawaru gifted it to you on level 1 of the Orcish Mines)
 10423 | Orc:1    | Received a gift from Okawaru
 10429 | Orc:1    | Noticed an orc knight
 10439 | Orc:1    | Killed an orc knight
 10596 | Orc:2    | Entered Level 2 of the Orcish Mines
 10995 | Orc:2    | Found a staircase to the Elven Halls.
 11109 | Orc:2    | Noticed a two-headed ogre
 11109 | Orc:2    | Noticed a two-headed ogre
 11109 | Orc:2    | Noticed a two-headed ogre
 11109 | Orc:2    | Noticed a two-headed ogre
 11109 | Orc:2    | Noticed a two-headed ogre
 11109 | Orc:2    | Noticed a two-headed ogre
 11127 | Orc:2    | Killed a two-headed ogre
 11134 | Orc:2    | Killed a two-headed ogre
 11141 | Orc:2    | Killed a two-headed ogre
 11142 | Orc:2    | Reached XP level 12. HP: 60/83 MP: 4/19
 11144 | Orc:2    | Killed a two-headed ogre
 11147 | Orc:2    | Killed a two-headed ogre
 11148 | Orc:2    | Reached skill level 10 in Invocations
 11151 | Orc:2    | Killed a two-headed ogre
 11165 | Orc:2    | Noticed a two-headed ogre
 11166 | Orc:2    | Noticed a two-headed ogre
 11172 | Orc:2    | Killed a two-headed ogre
 11175 | Orc:2    | Killed a two-headed ogre
 11178 | Orc:2    | Noticed a two-headed ogre
 11179 | Orc:2    | Noticed a two-headed ogre
 11181 | Orc:2    | Killed a two-headed ogre
 11181 | Orc:2    | Noticed an ogre mage
 11194 | Orc:2    | Killed a two-headed ogre
 11196 | Orc:2    | Killed an ogre mage
 11201 | Orc:2    | Noticed a two-headed ogre
 11204 | Orc:2    | Noticed a two-headed ogre
 11210 | Orc:2    | Noticed a two-headed ogre
 11212 | Orc:2    | Killed a two-headed ogre
 11214 | Orc:2    | Killed a two-headed ogre
 11214 | Orc:2    | Received a gift from Okawaru
 11217 | Orc:2    | Killed a two-headed ogre
 11247 | Orc:2    | Noticed an ogre mage
 11260 | Orc:2    | Paralysed by an ogre mage for 4 turns
 11268 | Orc:2    | Killed an ogre mage
 11299 | Orc:2    | Noticed a two-headed ogre
 11373 | Orc:2    | Killed a two-headed ogre
 11374 | Orc:2    | Reached skill level 5 in Fighting
 11475 | Orc:2    | Noticed an ogre mage
 11487 | Orc:2    | Killed an ogre mage
 11488 | Orc:2    | Reached XP level 13. HP: 93/93 MP: 19/23
 11512 | Orc:2    | Found Gohaototz's General Store.
 11512 | Orc:2    | Found Tiastiul's Weapon Boutique.
 11513 | Orc:2    | Found Eboez's Antique Armour Shop.
 11513 | Orc:2    | Found Zaeso's Jewellery Shoppe.
 11656 | Orc:2    | Paralysed by something for 4 turns
 11661 | Orc:2    | Reached ****** piety under Okawaru
 11761 | Orc:2    | Bought a runed scarf for 272 gold pieces
 11840 | Orc:2    | Found a runed translucent gate.
 11840 | Orc:2    | Found a runed translucent gate.
 11840 | Orc:2    | Found a runed translucent gate.
 11841 | Orc:2    | Noticed anet's ghost (journeyman MiBe)
 12066 | Orc:2    | Noticed libidonplus's ghost (journeyman NaMo)
 12066 | Orc:2    | Noticed zibby's ghost (journeyman TrGl)
 12066 | Orc:2    | Noticed svtm's ghost (journeyman MiFi)
 12159 | Orc:1    | Identified the +5 scale mail of Distant Worlds {+Blink
                  | +Inv} (Okawaru gifted it to you on level 1 of the Orcish
                  | Mines)
 12159 | Orc:1    | Received a gift from Okawaru
 12334 | Orc:1    | Reached skill level 1 in Stealth
 12575 | D:5      | Bought a scroll of acquirement for 728 gold pieces
 12575 | D:5      | Acquired the amulet "Dofuid" {rElec Regen+ Str+2 Int-3
                  | Dex+3}
 12677 | D:10     | Entered Level 10 of the Dungeon
 13078 | D:10     | Reached skill level 15 in Unarmed Combat
 13298 | D:10     | Reached skill level 1 in Armour
 13335 | D:10     | Found a staircase to the Lair.
 13363 | D:10     | Noticed Harold
 13371 | D:10     | Killed Harold
 13810 | Lair:1   | Entered Level 1 of the Lair of Beasts
 14874 | Lair:2   | Received a gift from Okawaru
 14875 | Lair:2   | Reached skill level 16 in Unarmed Combat
 14904 | Lair:2   | Noticed Nergalle
 14922 | Lair:2   | Killed Nergalle
 15284 | Lair:2   | Found a hole to the Spider Nest.
 15518 | Lair:2   | Reached XP level 14. HP: 103/103 MP: 12/24
 15998 | Lair:3   | Reached skill level 10 in Dodging
 16003 | Lair:3   | Reached skill level 17 in Unarmed Combat
 16318 | Lair:3   | Found a dark tunnel.
 16327 | Volcano  | Entered a volcano
 16433 | Volcano  | Noticed a stone giant
 16437 | Volcano  | Found a bloodstained altar of Trog.
 16465 | Volcano  | Killed a stone giant
 16692 | Lair:3   | Found a staircase to the Shoals.
 16838 | Lair:3   | Found a glowing golden altar of the Shining One.
 17122 | Lair:4   | Received a gift from Okawaru
 17371 | Lair:4   | Found a staircase to the Slime Pits.
 17515 | Lair:4   | Reached skill level 1 in Translocations
 18417 | Lair:4   | Found a viscous altar of Jiyva.
 18467 | Lair:5   | Entered Level 5 of the Lair of Beasts
 18499 | Lair:5   | Identified the +0 chain mail "Fatwich" {MP+9 Stlth+}
                  | (Okawaru gifted it to you on level 5 of the Lair of Beasts)
 18499 | Lair:5   | Received a gift from Okawaru
 18986 | Lair:5   | Reached skill level 5 in Spellcasting
 19233 | Lair:5   | Noticed Nessos
 19239 | Arena    | Entered the Arena
 19289 | Lair:5   | Killed Nessos
 19290 | Lair:5   | Reached XP level 15. HP: 99/109 MP: 25/25
 19445 | Lair:5   | Found a runed translucent door.
 20931 | D:12     | Received a gift from Okawaru
 20977 | D:12     | Learned a level 4 spell: Airstrike
 21109 | D:12     | Identified the +1 robe of Fasuocoa {rElec}
 21161 | D:12     | Identified the staff of air "Lantuit" {*Slow rElec rF+
                  | Will- Str+8}
 21212 | D:12     | Reached skill level 1 in Air Magic
 21370 | D:12     | Received a gift from Okawaru
 21407 | D:12     | Noticed a tengu reaver
 21421 | D:12     | Killed a tengu reaver
 21422 | D:12     | Reached skill level 5 in Air Magic
 21433 | D:12     | Reached skill level 18 in Unarmed Combat
 21952 | D:13     | Noticed Azrael
 21956 | D:13     | Noticed Lodul
 22032 | D:12     | Learned a level 3 spell: Swiftness
 22244 | D:8      | Bought the Omnibus of Putridity for 280 gold pieces
 22244 | D:8      | Bought a scroll of poison for 56 gold pieces
 22244 | D:8      | Bought a scroll of poison for 56 gold pieces
 22332 | Orc:2    | Bought the ring of Vuecaroa {+Blink Will+ AC+4} for 889
                  | gold pieces
 22449 | D:13     | Found Puxtil's General Store.
 22456 | D:13     | Bought a scroll of poison for 68 gold pieces
 22476 | Arena    | Entered the Arena
 22479 | Arena    | Killed Lodul
 22480 | Arena    | Reached XP level 16. HP: 118/118 MP: 17/29
 22532 | D:13     | Killed Azrael
 22731 | D:13     | Noticed Rupert
 22918 | Shoals:1 | Entered Level 1 of the Shoals
 22967 | Lair:3   | Learned a level 3 spell: Ignite Poison
 23364 | D:14     | Reached skill level 19 in Unarmed Combat
 23372 | D:14     | Found a gate to the Vaults.
 24050 | D:15     | Entered Level 15 of the Dungeon
 24107 | D:15     | Found a broken altar of Ashenzari.
 24216 | Arena    | Entered the Arena
 24341 | D:15     | Found a portal to a secret trove of treasure.
 24383 | D:15     | Identified the +10 war axe of Wondrous Power {elec, rElec
                  | Int+3 Dex+3 Stlth+}
 24937 | D:15     | Found a staircase to the Depths.
 25549 | Shoals:1 | Reached skill level 20 in Unarmed Combat
 25661 | Shoals:1 | Reached skill level 10 in Fighting
 25754 | Shoals:1 | Identified the +4 pair of boots "Luwapal" {rElec} (Okawaru
                  | gifted it to you on level 1 of the Shoals)
 25754 | Shoals:1 | Received a gift from Okawaru
 25826 | Arena    | Entered the Arena
 26008 | Shoals:1 | Found Axkuwkar's Vocational Training.
 26226 | Shoals:1 | Reached XP level 17. HP: 128/128 MP: 23/30
 26718 | Shoals:2 | Found Jif Acuq's General Store.
 27075 | Shoals:2 | Reached skill level 21 in Unarmed Combat
 27263 | Shoals:2 | Reached skill level 5 in Stealth
 27611 | Shoals:3 | Noticed Ilsuiw
 27733 | Shoals:3 | Noticed a kraken
 27914 | Spider:1 | Entered Level 1 of the Spider Nest
 28251 | Spider:1 | Identified the +1 rapier "Ceupea" {drain, rPois}
 28260 | Spider:1 | Learned a level 7 spell: Storm Form
 28603 | Spider:1 | Noticed Agnes
 28621 | Spider:1 | Slain by Agnes

Illustrated notes

Levels and vault maps discovered:
D:1:      dpeg_arrival_simpleton_c, layout_basic, serial_co_window_serial,
          co_window_paths_b, co_window_paths_a, co_window_paths_a,
          co_window_corner_a, co_window_paths_b, co_window_cross_3,
          co_window_2corner, co_window_broadway_c, co_window_paths_d,
          co_window_4corner_b, glass_columns_a,
          shapermc_ecumenical_altar_mp_highgroup
D:2:      layout_basic
D:3:      layout_basic, minmay_overflow_temple_hex, uniq_ijyb, uniq_robin
D:4:      layout_gridville, minmay_temple_entry_fiery, nicolae_shop_dragon_depot
D:5:      layout_basic, nicolae_specific_store, nicolae_take_the_stairs,
          chequers_serial_rivers_room_a, uniq_pikel, uniq_eustachio
D:6:      layout_loops_ring, uniq_edmund
D:7:      layout_rooms
D:8:      layout_basic, marbit_many_paths, nicolae_overflow_crystal_walls,
          grunt_decor_cap, guppyfry_shop_venom, uniq_prince_ribbit1, uniq_maggie
D:9:      layout_gridville, minmay_orc_entry_temple_small, special_room
          [special_room_bee], serial_shops, nicolae_shop_trees
D:10:     minmay_inner_zag, layout_basic, hellmonk_lair_entry_icy,
          serial_bayou_pond_c, uniq_harold
D:11:     layout_loops_ring, minmay_microvault
D:12:     regret_index_wax_grids, layout_irregular_city, minmay_statue_bubble
D:13:     layout_cave_pools, serial_shops, shop, uniq_rupert, uniq_lodul,
          uniq_azrael
D:14:     layout_irregular_city, grunt_vaults_entry_tiered, chequers_garden
D:15:     gammafunk_enter_depths_forms, layout_loops_corners,
          cheibrodos_ashenzari_chains, nicolae_trove_entry_free_sample,
          minmay_fractal_squares_diagonal_5
Temple:   eino_narrow_crystal_temple
Lair:1:   wander_river, layout_small_grid, worms_lemuel, lemuel_fruit_tree
Lair:2:   layout_regular_city, spider_nest_entry_web_field,
          infiniplex_staircase_pool, grunt_megastairs_2, uniq_nergalle
Lair:3:   layout_hall_layers, elwin_shoals_entry_rooms, enter_volcano_1,
          basic_altar
Lair:4:   layout_small_grid, minmay_slime_entry_oklob_open,
          minmay_lair_drake_nest
Lair:5:   wormcave, layout_cave_pods, evilmike_ambush
          [evilmike_ambush_outer_corners, evilmike_ambush_inner_basic],
          uniq_nessos
Shoals:1: layout_shoals, nicolae_shoals_lost_giant_amphitheater,
          nicolae_shop_vocational
Shoals:2: cheibrodos_shoals_baths, layout_shoals, serial_shops, shop
Shoals:3: layout_shoals, serial_shops, shop, uniq_ilsuiw
Spider:1: layout_spider_delve, hellmonk_narrow_tunnel, uniq_agnes, uniq_aizul,
          uniq_roxanne
Orc:1:    layout_caves, basic_altar, nicolae_orc_pool_cavern,
          minmay_orc_temple_c
Orc:2:    st_orc_ogre_mass, layout_caves, gammafunk_ghost_cemetery

Skill      XL: |  1  2  3  4  5  6  7  8  9 10 11 12 13 14 15 16 17 |
---------------+----------------------------------------------------+-----
Unarmed Combat | 4 5 6 8 11 13 14 16 17 18 20 21 | 21.2
Poison Magic   | 2 |  2.0
Transmutations | 4 6 10 | 10.7
Spellcasting   | 3 6 9 |  9.0
Ice Magic      | 2 |  2.0
Dodging        | 3 5 7 9 10 11 12 | 12.7
Fighting       | 2 3 4 5 7 8 10 11 | 11.1
Invocations    | 9 13 | 13.8
Stealth        | 2 3 4 5 |  5.0
Armour         | 1 2 |  2.4
Translocations | 3 |  3.7
Air Magic      | 5 6 |  6.0

Action                     |  1- 3 |  4- 6 |  7- 9 | 10-12 | 13-15 | 16-18 || total
---------------------------+-------+-------+-------+-------+-------+-------++-------
  Melee: Unarmed           |    72 |   149 |   220 |   312 |   927 |   642 ||  2322
         Headbutt          |     9 |     9 |       |       |     4 |       ||    22
         Punch             |     1 |     2 |       |     3 |    11 |    15 ||    32
         Tailslap          |       |       |       |       |       |     6 ||     6
   Cast: Beastly Appendage |    18 |    15 |       |       |     1 |       ||    34
         Spider Form       |     1 |    10 |    20 |    15 |    27 |    14 ||    87
         Ice Form          |       |       |    11 |    17 |    53 |    35 ||   116
         Wereblood         |       |       |       |    14 |    45 |    25 ||    84
         Blink             |       |       |       |       |     1 |     1 ||     2
         Airstrike         |       |       |       |       |       |     7 ||     7
         Swiftness         |       |       |       |       |       |     1 ||     1
 Invoke: Heroism           |       |       |     1 |     4 |    16 |     5 ||    26
         Finesse           |       |       |       |     2 |     8 |     1 ||    11
         Duel              |       |       |       |       |     2 |     2 ||     4
Ability: End Transformatio |       |       |     1 |     1 |     1 |     5 ||     8
    Use: Potion            |     6 |     1 |     3 |     5 |     7 |    10 ||    32
         Scroll            |     2 |     6 |     4 |     3 |    15 |    12 ||    42
   Stab: Sleeping          |     1 |     3 |       |       |     3 |     5 ||    12
         Invisible         |     1 |       |       |       |       |       ||     1
         Distracted        |       |       |       |       |     1 |       ||     1
 Armour: Robe              |     9 |     5 |    12 |     2 |       |       ||    28
         Skin              |     9 |    17 |    34 |    61 |   165 |    86 ||   372
         Troll leather arm |       |       |       |       |    14 |    19 ||    33
  Dodge: Dodged            |    48 |    88 |   160 |   165 |   581 |   537 ||  1579

Table legend: (Time is in decaauts)
 A = Elapsed time spent in this place.
 B = Non-inter-level travel time spent in this place.
 C = Inter-level travel time spent in this place.
 D = Time resting spent in this place.
 E = Time spent auto-exploring this place.
 F = Levels seen in this place.
 G = Mean time per level.
                   A        B        C        D        E       F      G
               +--------+--------+--------+--------+--------+-----+--------+
         Total |  27644 |  25473 |   2171 |   2107 |  17530 |  32 |  863.9 |
       Dungeon |  15986 |  14720 |   1266 |   1255 |  10590 |  15 | 1065.7 |
        Temple |     62 |     47 |     15 |      0 |     39 |   1 |   62.0 |
          Lair |   6250 |   5625 |    625 |    157 |   4228 |   5 | 1250.0 |
        Shoals |   1969 |   1888 |     81 |    199 |    898 |   3 |  656.3 |
   Spider Nest |    677 |    677 |      0 |      3 |    546 |   1 |  677.0 |
  Orcish Mines |   2395 |   2213 |    182 |    443 |   1227 |   2 | 1197.5 |
       Volcano |    202 |    202 |      0 |      0 |      0 |   1 |  202.0 |
         Arena |     98 |     98 |      0 |     49 |      0 |   4 |   24.5 |
               +--------+--------+--------+--------+--------+-----+--------+

Top non-repeatable levels by time:
     D:8: 1644 daAuts
     D:9: 1600 daAuts
  Lair:5: 1425 daAuts
  Lair:4: 1392 daAuts
   Orc:2: 1305 daAuts
     D:1: 1286 daAuts
    D:10: 1226 daAuts
    D:15: 1211 daAuts
  Lair:2: 1161 daAuts
  Lair:3: 1156 daAuts
     D:2: 1119 daAuts
  Lair:1: 1114 daAuts
     D:4: 1094 daAuts
   Orc:1: 1090 daAuts
    D:12: 1069 daAuts
